 Dungeon Sprint DCSS version 0.20-a0-640-g62ed22f (webtiles) character file.

278 esc the Fighter (level 8, -5/48 HPs)
             Began as a Vine Stalker Fighter on Feb 12, 2017.
             Was a High Priest of Makhleb.
             Slain by the 27-headed Lernaean hydra (6 damage)
             ... in the Dungeon (Sprint VI: "Thunderdome").
             The game lasted 00:07:33 (684 turns).

esc the Fighter (Vine Stalker Fighter)               Turns: 684, Time: 00:07:34

Health: -5/48      AC:  9    Str: 29    XL:     8   Next: 70%
Magic:  0/21       EV: 10    Int: 11    God:    Makhleb [*****.]
Gold:   15         SH: 12    Dex: 14    Spells: 11/11 levels left

rFire    + + .     SeeInvis +   b - +0 quick blade
rCold    x . .     Gourm    .   s - +0 plate armour
rNeg     + . .     Faith    +   c - +0 shield
rPois    .         Spirit   +   (no helmet)
rElec    .         Reflect  .   (no cloak)
rCorr    .         Harm     .   (no gloves)
MR       ++...     NoTele   +   (no boots)
Stlth    ..........             q - amulet "Ileluoq" {Faith *Corrode rF+ Int+3}
Regen    0.6/turn               j - ring of Elitism {MP+9 Str+3 Slay+3}
MPRegen  0.2/turn               r - ring of the Madman {Fire rN+ MR+ Slay+3 SInv}

@: mighty, corroded, very slightly contaminated, hasted, very quick
A: fangs 3, regeneration 1, magic shield, antimagic bite, no potion heal 3, rot
immunity
a: Minor Destruction, Lesser Servant of Makhleb, Major Destruction, Greater
Servant of Makhleb, Renounce Religion


You were in the Dungeon.
You worshipped Makhleb.
Makhleb was extremely pleased with you.
You were not hungry.

You visited 1 branch You collected 600 gold pieces.
You spent 585 gold pieces at shops.

Inventory:

Hand Weapons
 b - a +0 quick blade (weapon)
   (You bought it in a shop in the Dungeon)
Armour
 c - a +0 shield (worn)
 s - a +0 plate armour (worn)
   (You took it off an orc warrior in the Dungeon)
Jewellery
 j - the ring of Elitism (right hand) {MP+9 Str+3 Slay+3}
   (You bought it in a shop in the Dungeon)

   [ring of magical power]

   It affects your strength (+3).
   It affects your accuracy and damage with ranged weapons and melee attacks
   (+3).
   It affects your magic capacity (+9).
 q - the amulet "Ileluoq" (around neck) {Faith *Corrode rF+ Int+3}
   (You bought it in a shop in the Dungeon)

   [amulet of faith]

   It allows you to gain divine favour quickly.
   It affects your intelligence (+3).
   It protects you from fire.
   It may corrode you when you take damage.
 r - the ring of the Madman (left hand) {Fire rN+ MR+ Slay+3 SInv}
   (You bought it in a shop in the Dungeon)

   [ring of fire]

   It enhances your fire magic.
   It affects your accuracy and damage with ranged weapons and melee attacks
   (+3).
   It protects you from fire.
   It makes you vulnerable to cold.
   It protects you from negative energy.
   It affects your resistance to hostile enchantments.
   It lets you see invisible.
Wands
 l - a wand of acid (1/15)
   (You found it in the Dungeon)
 m - a wand of iceblast (4/15)
   (You found it in the Dungeon)
Scrolls
 k - 4 scrolls of blinking {!r}
 n - 3 scrolls of fog
Potions
 e - a potion of curing
 g - 4 potions of heal wounds
 h - 3 potions of haste
 i - 2 potions of magic
 o - a potion of resistance
Comestibles
 f - a bread ration {@e1}


   Skills:
 + Level 8.3 Fighting
 + Level 7.8 Short Blades
 + Level 7.4 Armour
 + Level 7.0 Dodging
 + Level 8.1 Shields
 - Level 2.4 Spellcasting


You had 11 spell levels left.
You didn't know any spells.

Dungeon Overview and Level Annotations

Branches:
Dungeon (1/1)

Altars:
Cheibriados
Dithmenos
Fedhas
Gozag
Kikubaaqudgha
Makhleb
Okawaru
Qazlal
Ru
Sif Muna
Trog
Uskayaw
Vehumet
Xom
Yredelemnul
Zin
The Shining One
Beogh
Jiyva
Lugonu

Shops:
D *[%??*?*:[((!!!!

Annotations:
D Lernaean hydra


Innate Abilities, Weirdness & Mutations

You have razor-sharp teeth.
Your natural rate of healing is unusually fast.
When hurt, damage is shared between your health and your magic reserves.
Your bite disrupts and absorbs the magic of your enemies.
Potions cannot restore your health.
You are immune to rotting.


Message History

You bite the wight. You drain its power.
A spectral leopard gecko comes into view.
You hit the wight but do no damage. Your bite misses the wight.
The wight barely misses you.
You hit the wight. You bite the wight! You drain its power.
You destroy the wight!
Makhleb accepts your kill.
Your Dodging skill increases to level 7!
Health restored: 48 You barely miss the spectral leopard gecko.
You bite the spectral leopard gecko! You drain its power.
You destroy the spectral leopard gecko!
Makhleb accepts your kill.
Victory!
Score multiplier: 5x You now have 278 arena points (gained 140).
You now have 465 gold pieces (gained 200).
Things that are here:
a robe; an enchanted scimitar
There is a sacrificial altar of Ru here.
There is an opulent altar of Gozag here.
There is an entrance to Xetolan's Weapon Rack here.
b - a +0 quick blade Thank you for shopping at Xetolan's Weapon Rack!
Wield which item (- for none, * to show all)? (? for menu, Esc to quit)
b - a +0 quick blade (weapon)
Drop what? 18/52 slots (_ for help) (? for menu, Esc to quit)
You drop a +0 rapier.
You start waiting.
Get ready!
You start waiting.
ROUND 5!
BOSS ROUND!
The 27-headed Lernaean hydra comes into view.
The 27-headed Lernaean hydra roars deafeningly!
Okay, then.
Okay, then.
Okay, then.
Okay, then.
Okay, then.
Okay, then.
A demon appears!
You take 10 damage, and have 38/48 hp.
MASSIVE DAMAGE!!
Your Executioner hits the 27-headed Lernaean hydra!!
Your Executioner hits the 27-headed Lernaean hydra.
Your Executioner hits the 27-headed Lernaean hydra!
The 27-headed Lernaean hydra completely misses your Executioner.
The 27-headed Lernaean hydra closely misses your Executioner.
The 27-headed Lernaean hydra bites your Executioner!!
The 27-headed Lernaean hydra bites your Executioner but does no damage. x2
The 27-headed Lernaean hydra bites your Executioner! x3
The 27-headed Lernaean hydra completely misses your Executioner.
The 27-headed Lernaean hydra bites your Executioner but does no damage.
The 27-headed Lernaean hydra closely misses your Executioner.
The 27-headed Lernaean hydra bites your Executioner!
The 27-headed Lernaean hydra bites your Executioner but does no damage.
The 27-headed Lernaean hydra bites your Executioner.
Your Executioner dies!
Aim: the 27-headed Lernaean hydra (lightly wounded)
The mass of ice explodes!
The iceblast engulfs the 27-headed Lernaean hydra.
This wand has 4 charges left.
Aim: the 27-headed Lernaean hydra (moderately wounded)
The bolt of acid hits the 27-headed Lernaean hydra.
The 27-headed Lernaean hydra is splashed with acid.
This wand has 2 charges left.
Aim: the 27-headed Lernaean hydra (moderately wounded)
The bolt of acid hits the 27-headed Lernaean hydra.
The 27-headed Lernaean hydra is splashed with acid.
The acid corrodes the 27-headed Lernaean hydra!
This wand has 1 charge left.
You feel yourself speed up.
You are very lightly contaminated with residual magic.
You feel very mighty all of a sudden.
You puncture the 27-headed Lernaean hydra!
You bite the 27-headed Lernaean hydra. You drain its power.
You puncture the 27-headed Lernaean hydra!
You bite the 27-headed Lernaean hydra! You drain its power.
The 27-headed Lernaean hydra bites you.
Your corrosive artefact corrodes you!
You block the 27-headed Lernaean hydra's attack.
The 27-headed Lernaean hydra bites you. x2
The 27-headed Lernaean hydra closely misses you.
The 27-headed Lernaean hydra bites you but does no damage. x2
The 27-headed Lernaean hydra bites you!
The 27-headed Lernaean hydra bites you. x2
The 27-headed Lernaean hydra closely misses you.
The 27-headed Lernaean hydra bites you.
The 27-headed Lernaean hydra barely misses you.
The 27-headed Lernaean hydra bites you. x2
You block the 27-headed Lernaean hydra's attack.
The 27-headed Lernaean hydra closely misses you.
The 27-headed Lernaean hydra bites you!
* * * LOW HITPOINT WARNING * * *
The 27-headed Lernaean hydra bites you.
* * * LOW HITPOINT WARNING * * *
The 27-headed Lernaean hydra bites you but does no damage.
The 27-headed Lernaean hydra bites you!
* * * LOW HITPOINT WARNING * * *
The 27-headed Lernaean hydra bites you.
You die...

#⌠...).[....###...###..........⌠#
#⌠.[[.).....# #.<.# #..........⌠#
#⌠..........###..[###..........⌠#
##.............###.............##
###∩........8.# #.8........∩###
##∩___......###......___∩##
######.8.........8.######
#⌠...........⌠# ###....@....###
#....D....# #_......._#
#_......._# #∩.......∩#
##∩.....∩## ##.....## ##⌠⌠§##
#####


You could see the 27-headed Lernaean hydra.

Vanquished Creatures
  An orc knight (D)
  2 wraiths (D)
  Sigmund (D)
  3 orc warriors (D)
  A howler monkey (D)
  A wight (D)
  A crimson imp (D)
  2 orc priests (D)
  An iron imp (D)
  An adder (D)
  A shadow imp (D)
  A white imp (D)
  2 ufetubi (D)
  An ooze (D)
  A rat (D)
  A spectral giant cockroach (D)
  2 spectral leopard geckos (D)
23 creatures vanquished.

Notes
Turn   | Place    | Note
-------+----------+-------------------------------------------
     0 | D        | esc the Vine Stalker Fighter began the quest for the Orb.
     0 | D        | Reached XP level 1. HP: 11/11 MP: 2/2
     1 | D        | Found a radiant altar of Vehumet.
     1 | D        | Found a corrupted altar of Lugonu.
     2 | D        | Found a snail-covered altar of Cheibriados.
     2 | D        | Found a roughly hewn altar of Beogh.
     3 | D        | Found a bloodstained altar of Trog.
     4 | D        | Found Eshafy's Bee Food.
     4 | D        | Found a basalt altar of Yredelemnul.
     4 | D        | Found a glowing golden altar of the Shining One.
     4 | D        | Found Goemahim's Identification Station.
     5 | D        | Found Wyquch's Jewellery.
     5 | D        | Found Xono's Advanced Armour.
     5 | D        | Round 1.
     6 | D        | Noticed a howler monkey
     9 | D        | Found a blossoming altar of Fedhas.
     9 | D        | Found a shimmering altar of Xom.
    10 | D        | Found a viscous altar of Jiyva.
    10 | D        | Found a burning altar of Makhleb.
    10 | D        | Found Vokhil's Magic Scroll Shop.
    10 | D        | Found Gipsa's Staff Store.
    11 | D        | Found Netiw's Magic Scroll Shop.
    11 | D        | Found Qaeq's Must-Have Magic.
    17 | D        | Became a worshipper of Makhleb the Destroyer
    30 | D        | Killed a howler monkey
    30 | D        | Reached skill level 3 in Fighting
    30 | D        | Reached skill level 3 in Short Blades
    30 | D        | Reached skill level 3 in Armour
    30 | D        | Reached skill level 2 in Dodging
    30 | D        | Reached skill level 3 in Shields
    30 | D        | Reached XP level 2. HP: 10/17 MP: 3/3
    30 | D        | Reached XP level 3. HP: 13/21 MP: 4/4
    52 | D        | Found a shadowy altar of Dithmenos.
    63 | D        | Reached * piety under Makhleb
    63 | D        | Reached skill level 4 in Fighting
   130 | D        | Noticed Sigmund
   133 | D        | Found a hide-covered altar of Uskayaw.
   135 | D        | Found a glowing silver altar of Zin.
   135 | D        | Found an opulent altar of Gozag.
   136 | D        | Found a sacrificial altar of Ru.
   136 | D        | Found Kaaptu's Premium Goods.
   136 | D        | Found Xetolan's Weapon Rack.
   137 | D        | Found Luxi's Miscellaneous Merchandise.
   137 | D        | Found Etewn's Basic Armour.
   139 | D        | Found a deep blue altar of Sif Muna.
   140 | D        | Found an iron altar of Okawaru.
   146 | D        | Killed Sigmund
   146 | D        | Arena points: 12 (+12) [x2]
   146 | D        | Reached skill level 5 in Fighting
   146 | D        | Reached skill level 4 in Short Blades
   146 | D        | Reached skill level 4 in Armour
   146 | D        | Reached skill level 4 in Dodging
   146 | D        | Reached skill level 5 in Shields
   146 | D        | Gained mutation: Your natural rate of healing is unusually fast. [Vine Stalker growth]
   146 | D        | Reached XP level 4. HP: 27/27 MP: 5/5
   146 | D        | Reached XP level 5. HP: 30/30 MP: 6/6
   161 | D        | Bought a smoking turquoise ring for 45 gold pieces
   161 | D        | Bought a vibrating bone amulet for 45 gold pieces
   161 | D        | Bought an ancient lapis lazuli ring for 45 gold pieces
   161 | D        | Identified the amulet "Ileluoq" {Faith *Corrode rF+ Int+3} (You bought it in a shop in the Dungeon)
   162 | D        | Identified the ring of the Madman {Fire rN+ MR+ Slay+3 SInv} (You bought it in a shop in the Dungeon)
   163 | D        | Identified the ring of Elitism {MP+9 Str+3 Slay+3} (You bought it in a shop in the Dungeon)
   198 | D        | Round 2.
   199 | D        | Found an ancient bone altar of Kikubaaqudgha.
   200 | D        | Found Zamol's Do-It-Yourself Clinic.
   201 | D        | Reached ** piety under Makhleb
   204 | D        | Found Zegucie's Bottled Wisdom.
   204 | D        | Found Farefoc's Distillery.
   205 | D        | Found a stormy altar of Qazlal.
   205 | D        | Found Unogarhoto's Distillery.
   208 | D        | Reached skill level 5 in Short Blades
   208 | D        | Reached skill level 5 in Armour
   208 | D        | Reached XP level 6. HP: 36/36 MP: 7/7
   209 | D        | Reached *** piety under Makhleb
   217 | D        | Reached **** piety under Makhleb
   217 | D        | Arena points: 54 (+42) [x3]
   217 | D        | Reached skill level 6 in Fighting
   279 | D        | Round 3.
   280 | D        | Noticed an orc warrior
   291 | D        | Killed an orc warrior
   291 | D        | Reached skill level 5 in Dodging
   291 | D        | Reached skill level 6 in Shields
   331 | D        | Noticed an orc knight
   341 | D        | Killed an orc knight
   341 | D        | Reached skill level 7 in Fighting
   341 | D        | Reached skill level 7 in Short Blades
   341 | D        | Reached skill level 6 in Armour
   341 | D        | Reached skill level 6 in Dodging
   341 | D        | Reached skill level 7 in Shields
   341 | D        | Reached XP level 7. HP: 26/42 MP: 8/8
   341 | D        | Gained mutation: You have razor-sharp teeth. [Vine Stalker growth]
   341 | D        | Reached XP level 8. HP: 28/46 MP: 9/9
   397 | D        | Reached ***** piety under Makhleb
   404 | D        | Reached skill level 7 in Armour
   404 | D        | Reached skill level 1 in Spellcasting
   413 | D        | Arena points: 138 (+84) [x4]
   487 | D        | Round 4.
   493 | D        | Noticed a wraith
   503 | D        | Killed a wraith
   503 | D        | Reached skill level 8 in Fighting
   503 | D        | Reached skill level 2 in Spellcasting
   571 | D        | Noticed a wraith
   577 | D        | Killed a wraith
   577 | D        | Reached skill level 8 in Shields
   595 | D        | Reached skill level 7 in Dodging
   598 | D        | Reached ****** piety under Makhleb
   598 | D        | Arena points: 278 (+140) [x5]
   624 | D        | Bought a +0 quick blade for 450 gold pieces
   674 | D        | Round 5.
   674 | D        | Noticed the 27-headed Lernaean hydra
   684 | D        | HP: 9/48 [the 27-headed Lernaean hydra (8)]
   684 | D        | HP: 1/48 [the 27-headed Lernaean hydra (6)]
   684 | D        | Slain by the 27-headed Lernaean hydra

Vault maps used:
D:        arena_sprint

Skill      XL: |  1  2  3  4  5  6  7  8 |
---------------+-------------------------+-----
Fighting       | 3 5 7 8 |  8.3
Short Blades   | 3 4 5 7 |  7.8
Armour         | 3 4 5 6 7 |  7.4
Dodging        | 2 4 6 7 |  7.0
Shields        | 3 5 7 8 |  8.1
Spellcasting   | 2 |  2.4

Action                   |  1- 3 |  4- 6 |  7- 9 || total
-------------------------+-------+-------+-------++-------
Melee: Rapier            |    22 |    29 |    29 ||    80
       Bite              |     4 |    12 |    16 ||    32
       Quick blade       |       |       |     2 ||     2
Invok: Greater Servant o |       |       |     1 ||     1
Evoke: Wand              |       |     2 |     3 ||     5
  Use: Potion            |     1 |       |     2 ||     3
Armor: Scale mail        |     4 |     2 |       ||     6
       Plate armour      |       |     1 |     3 ||     4
Dodge: Dodged            |     7 |     8 |     9 ||    24
Block: Shield            |     5 |     8 |     9 ||    22

Vault maps used:
D:        arena_sprint

Table legend:
 A = Turns spent in this place as a percentage of turns spent in the entire game.
 B = Non-inter-level travel turns spent in this place as a percentage of non-inter-level travel turns spent in the entire game.
 C = Inter-level travel turns spent in this place as a percentage of turns spent in this place.
 D = Turns resting spent in this place as a percentage of non-inter-level travel turns spent in this place.
 E = Turns spent auto-exploring this place as a percentage of non-inter-level travel turns spent in this place.
 F = Non-inter-level travel turns spent in this place divided by the number of levels of this place that you've seen.
                   A       B       C       D       E      F
               +-------+-------+-------+-------+-------+----------------------
         Total | 100.0 | 100.0 |   0.0 |   7.3 |   4.7 | 384.0
       Dungeon | 100.0 | 100.0 |   0.0 |   7.3 |   4.7 | 384.0
               +-------+-------+-------+-------+-------+----------------------

Table legend:
 A = Kills in this place as a percentage of kills in entire the game.
 B = Kills by you in this place as a percentage of kills by you in the entire game.
 C = Kills by friends in this place as a percentage of kills by friends in the entire game.
 D = Other kills in this place as a percentage of other kills in the entire game.
 E = Experience gained in this place as a percentage of experience gained in the entire game.
 F = Experience gained in this place divided by the number of levels of this place that you have seen.
                   A       B       C       D       E      F
               +-------+-------+-------+-------+-------+----------------------
         Total | 100.0 | 100.0 |  -nan |  -nan | 100.0 | 2018.0
       Dungeon | 100.0 | 100.0 |  -nan |  -nan | 100.0 | 2018.0
               +-------+-------+-------+-------+-------+----------------------
